 Dungeon Crawl Stone Soup version 0.31-a0-702-gf82c85558f (webtiles) character file.

Game seed: 14296329661162463671

760 qw the Skirmisher (level 7, -5/48 HPs)
             Began as a Gargoyle Hunter on Sept 8, 2023.
             Slain by an orc warrior
             ... wielding a +0 vampiric long sword
              (8 damage)
             ... on level 6 of the Dungeon.
             The game lasted 00:01:49 (4330 turns).

qw the Skirmisher (Gargoyle Hunter)                 Turns: 4330, Time: 00:01:49

Health: -5/48      AC: 11    Str: 14    XL:     7   Next: 80%
Magic:  7/7        EV: 11    Int: 10    God:
Gold:   962        SH:  0    Dex: 17    Spells: 6/6 levels left

rFire   + . .        j - +1 sling of Sequestration {speed, rPois rC+ Will+ Dex+2}
rCold   + . .        (no shield)
rNeg    + . .        a - +0 ring mail
rPois   inf          l - +0 helmet
rElec   +            (no cloak)
rCorr   .            (no gloves)
SInv    .            (no boots)
Will    +....        f - amulet of faith
Stlth   +            h - ring of protection from fire
HPRegen 0.28/turn    (no ring)
MPRegen 0.10/turn

%: clarity, faith
@: no status effects
A: sickness immunity, AC +4, negative energy resistance 1, electricity
resistance, torment resistance 1, petrification resistance, hooves 1, clarity,
robust 1, screaming 1
a: no special abilities


You were on level 6 of the Dungeon.
You visited 1 branch of the dungeon, and saw 6 of its levels.

You collected 1051 gold pieces.
You spent 89 gold pieces at shops.


Innate Abilities, Weirdness & Mutations

You are immune to sickness and miasma.
Your stone body is resilient. (AC +4)
You are immune to poison.
You resist negative energy. (rN+)
You are resistant to electric shocks. (rElec)
You are resistant to unholy torment.
You are immune to petrification.
You have large cloven feet.
You possess an exceptional clarity of mind.
You are robust. (+10% HP)
You occasionally shout uncontrollably at your foes.


   Skills:
 + Level 4.7 Fighting
 - Level 8.1 Ranged Weapons
 - Level 1.6 Armour
 - Level 2.1 Dodging
 - Level 1.1 Stealth


You had 6 spell levels left.
You didn't know any spells.
Your spell library was empty.

Inventory:

Hand Weapons
 j - the +1 sling of Sequestration (weapon) {speed, rPois rC+ Will+ Dex+2}
   (You found it on level 4 of the Dungeon)

   Dex+2:     It affects your dexterity (+2).
   rC+:       It protects you from cold.
   rPois:     It protects you from poison Will+: It increases your willpower.
Armour
 a - a +0 ring mail (worn)
 l - a +0 helmet (worn)
Jewellery
 f - an amulet of faith (around neck)
 h - a ring of protection from fire (left hand)
Scrolls
 g - a scroll of identify
Potions
 b - a potion of might
 d - 4 potions of curing
 e - a potion of haste {unknown}
 k - 2 potions of mutation
 n - a potion of invisibility {unknown}

Dungeon Overview and Level Annotations

Branches:
Dungeon (6/15)
 Temple: D:4-7

Altars:
Cheibriados

Shops:
D:1 !   D:3 !   D:4 =

Annotations:
D:3 exclusion: dart slug


Message History

The sling bullet hits the orc warrior but does no damage.
The orc warrior is severely wounded.
The adder bites you but does no damage.
The orc warrior hits you but does no damage.
You shoot a sling bullet. The sling bullet hits the orc warrior.
The orc warrior is severely wounded.
The adder barely misses you. The orc warrior completely misses you.
You shoot a sling bullet.
The sling bullet hits the orc warrior but does no damage.
The orc warrior is severely wounded.
The adder closely misses you. The orc warrior barely misses you.
You shoot a sling bullet.
The sling bullet hits the orc warrior but does no damage.
The orc warrior is severely wounded.
The adder bites you but does no damage.
You shoot a sling bullet.
The sling bullet hits the orc warrior but does no damage.
The orc warrior is severely wounded.
The adder bites you but does no damage. The orc warrior closely misses you.
You shoot a sling bullet.
The sling bullet hits the orc warrior but does no damage.
The orc warrior is severely wounded.
The adder bites you but does no damage.
A wraith comes into view.
The orc warrior closely misses you. The adder bites you but does no damage.
You shoot a sling bullet.
The sling bullet hits the orc warrior but does no damage.
The orc warrior is severely wounded.
The orc warrior hits you but does no damage.
You shoot a sling bullet.
The sling bullet hits the orc warrior but does no damage.
The orc warrior is severely wounded.
The adder bites you.
The orc warrior hits you but does no damage.
The adder bites you but does no damage.
You shoot a sling bullet. The sling bullet hits the orc warrior.
The orc warrior is almost dead.
The adder bites you but does no damage.
The orc warrior hits you with a +0 vampiric long sword!
You die...

......# ##
.....# ...
..... ... ...#
#.### ..#..}..#
. ##.#.....#
... #<).h.}.}.
.....##S#..$..#
......o@# .}..#
#.###.### h###
$.. .. #.. .#
.... . #.#.
#.#$


You could see an orc warrior and an adder.

Vanquished Creatures
  An ogre (D:3)
  A black bear (D:5)
  A bullfrog (D:6)
  A scorpion (D:4)
  2 howler monkeys
  A hound (D:6)
  3 jellies
  A sleepcap (D:3)
  Ijyb (D:3)
  8 adders
  A white imp (D:6)
  An ufetubus (D:5)
  5 worms
  12 dart slugs
  3 orcs
  9 endoplasms
  5 giant cockroaches
  4 hobgoblins
  5 kobolds
  3 quokkas
  7 ball pythons
  6 bats
  2 frilled lizards
  11 goblins
  3 rats
97 creatures vanquished.

Vanquished Creatures (others)
  A goblin (D:2)
1 creature vanquished.

Grand Total: 98 creatures vanquished

Notes
Turn   | Place    | Note
-------+----------+-------------------------------------------
     0 | D:1      | qw the Gargoyle Hunter began the quest for the Orb.
     0 | D:1      | Reached XP level 1. HP: 12/12 MP: 1/1
     0 | D:1      | 0 ||| qw: Version: 0.3-a-76-g4403597
     0 | D:1      | 0 ||| qw: Game counter: 1047
     0 | D:1      | 0 ||| qw: Melee chars always use a shield: true
     0 | D:1      | 0 ||| qw: God list: Okawaru
     0 | D:1      | 0 ||| qw: Allow faded altars: false
     0 | D:1      | 0 ||| qw: Do Orc after clearing Dungeon:15 true
     0 | D:1      | 0 ||| qw: Do second Lair branch before Depths: true
     0 | D:1      | 0 ||| qw: Lair rune preference: random
     0 | D:1      | 0 ||| qw: Goals: Normal
     0 | D:1      | 0 ||| PLANNING D:1-11
   388 | D:1      | Reached XP level 2. HP: 17/17 MP: 2/2
   663 | D:1      | Found Woxiro's Distillery.
   675 | D:1      | 675 ||| SHOPLISTING 2 potions of heal wounds (100 gold,
                  | have 51).
   675 | D:1      | 675 ||| BUYING potion of heal wounds (50 gold).
   675 | D:1      | Bought a potion of heal wounds for 50 gold pieces
   675 | D:1      | 675 ||| SHOPLISTING potion of heal wounds (50 gold, have
                  | 1).
   675 | D:1      | 675 ||| SHOPLISTING potion of mutation (80 gold, have 1).
   830 | D:1      | 830 ||| READING scroll labelled DOSIEC IBRUZE.
   831 | D:1      | 831 ||| DROPPING scroll of butterflies.
   869 | D:2      | 869 ||| RETREATING.
   873 | D:2      | 873 ||| Stepping ~*~*~tactically~*~*~ (retreating).
   874 | D:2      | 874 ||| Stepping ~*~*~tactically~*~*~ (retreating).
   875 | D:2      | 875 ||| Stepping ~*~*~tactically~*~*~ (retreating).
   876 | D:2      | 876 ||| Stepping ~*~*~tactically~*~*~ (retreating).
   877 | D:2      | 877 ||| Stepping ~*~*~tactically~*~*~ (retreating).
   883 | D:2      | HP: 4/17 [adder (2)]
   884 | D:2      | Reached XP level 3. HP: 2/21 MP: 3/3
   884 | D:2      | 884 ||| DRINKING potion of heal wounds.
   888 | D:2      | Reached skill level 5 in Ranged Weapons
  1012 | D:2      | HP: 4/22 [worm (3)]
  1060 | D:2      | 1060 ||| FLEEEEING.
  1067 | D:2      | 1067 ||| STAIRDANCE
  1092 | D:1      | 1092 ||| READING scroll labelled ROSUTULUNE.
  1193 | D:1      | 1193 ||| DRINKING 2 black potions.
  1194 | D:1      | 1194 ||| DROPPING potion of brilliance.
  1254 | D:2      | Reached skill level 3 in Fighting
  1254 | D:2      | Reached XP level 4. HP: 28/28 MP: 4/4
  1572 | D:2      | 1572 ||| UPGRADING to amulet of faith.
  1577 | D:2      | 1577 ||| DROPPING +6 ring of intelligence.
  1594 | D:3      | 1594 ||| Stepping ~*~*~tactically~*~*~ (outnumbered).
  1597 | D:3      | 1597 ||| STAIRDANCE
  1749 | D:3      | 1749 ||| FLEEEEING.
  1750 | D:3      | 1750 ||| FLEEEEING.
  1781 | D:3      | 1781 ||| Stepping ~*~*~tactically~*~*~ (water).
  1809 | D:3      | Reached XP level 5. HP: 29/32 MP: 5/5
  1922 | D:3      | Found a snail-covered altar of Cheibriados.
  1923 | D:3      | Noticed an ogre
  1929 | D:3      | Killed an ogre
  1930 | D:3      | Reached skill level 6 in Ranged Weapons
  2081 | D:3      | Found a faded altar of an unknown god.
  2117 | D:3      | Found Rem Begh's Distillery.
  2135 | D:3      | 2135 ||| SHOPLISTING 2 potions of heal wounds (130 gold,
                  | have 72).
  2135 | D:3      | 2135 ||| BUYING potion of curing (39 gold).
  2135 | D:3      | Bought a potion of curing for 39 gold pieces
  2135 | D:3      | 2135 ||| SHOPLISTING potion of haste (130 gold, have 33).
  2135 | D:3      | 2135 ||| SHOPLISTING potion of heal wounds (65 gold, have
                  | 33).
  2135 | D:3      | 2135 ||| SHOPLISTING potion of mutation (104 gold, have
                  | 33).
  2305 | D:3      | Noticed Ijyb
  2306 | D:3      | Paralysed by Ijyb for 5 turns
  2313 | D:3      | Paralysed by Ijyb for 3 turns
  2324 | D:3      | Paralysed by Ijyb for 3 turns
  2330 | D:3      | Paralysed by Ijyb for 3 turns
  2343 | D:3      | Killed Ijyb
  2344 | D:3      | Reached XP level 6. HP: 28/37 MP: 6/6
  2592 | D:3      | 2592 ||| UPGRADING to +0 helmet.
  2597 | D:3      | 2597 ||| READING scroll labelled VEREEMAETZ.
  2600 | D:3      | 2600 ||| READING scroll labelled WACZE LECONK.
  2605 | D:4      | Found Cusk's Jewellery Shoppe.
  2614 | D:4      | 2614 ||| SHOPLISTING ring of Xom's Whimsicality {rN++
                  | rCorr} (375 gold, have 33).
  2614 | D:4      | 2614 ||| SHOPLISTING ring of ice (250 gold, have 33).
  2614 | D:4      | 2614 ||| SHOPLISTING ring of protection from cold (250
                  | gold, have 33).
  2796 | D:4      | Reached skill level 1 in Armour
  3021 | D:4      | 3021 ||| READING 2 scrolls labelled VYEPETTYUDI.
  3022 | D:4      | 3022 ||| DRINKING 2 white potions.
  3023 | D:4      | 3023 ||| READING 2 scrolls of identify.
  3023 | D:4      | 3023 ||| IDENTIFYING brown potion
  3026 | D:4      | 3026 ||| DROPPING potion of attraction.
  3028 | D:4      | 3028 ||| DROPPING scroll of amnesia.
  3103 | D:4      | Identified the +1 sling of Sequestration {speed, rPois rC+
                  | Will+ Dex+2}
  3105 | D:4      | 3105 ||| SWAPPING to +1 sling of Sequestration {speed,
                  | rPois rC+ Will+ Dex+2}.
  3106 | D:4      | 3106 ||| DROPPING +0 shortbow.
  3139 | D:4      | Reached skill level 7 in Ranged Weapons
  3139 | D:4      | Reached XP level 7. HP: 43/43 MP: 7/7
  3481 | D:4      | 3481 ||| UPGRADING to +0 ring mail.
  3491 | D:4      | 3491 ||| DROPPING +0 leather armour.
  3492 | D:4      | 3492 ||| READING scroll labelled FOESKYNUCE.
  3493 | D:4      | 3493 ||| DRINKING 2 sedimented purple potions.
  3598 | D:4      | 3598 ||| DRINKING 3 viscous white potions.
  3598 | D:4      | Gained mutation: You are robust. (+10% HP) [potion of
                  | mutation]
  3598 | D:4      | Gained mutation: You occasionally shout uncontrollably at
                  | your foes. [potion of mutation]
  3598 | D:4      | Gained mutation: You possess an exceptional clarity of
                  | mind. [potion of mutation]
  3598 | D:4      | Gained mutation: You have large cloven feet. [potion of
                  | mutation]
  3612 | D:4      | 3612 ||| DROPPING potion of berserk rage.
  3683 | D:5      | Entered Level 5 of the Dungeon
  4209 | D:5      | 4209 ||| UPGRADING to ring of protection from fire.
  4210 | D:5      | 4210 ||| READING scroll labelled YKLAIL HOUPT.
  4211 | D:5      | 4211 ||| READING scroll labelled GIOHIU YTADIC.
  4211 | D:5      | Identified a scroll of acquirement
  4211 | D:5      | 4211 ||| ACQUIRING 755 gold pieces
  4211 | D:5      | Acquired 755 gold pieces
  4261 | D:6      | 4261 ||| RETREATING.
  4263 | D:6      | 4263 ||| Stepping ~*~*~tactically~*~*~ (retreating).
  4274 | D:6      | Reached skill level 8 in Ranged Weapons
  4296 | D:6      | HP: 11/48 [adder (2)]
  4297 | D:6      | 4297 ||| DRINKING 2 potions of heal wounds.
  4310 | D:6      | HP: 4/48 [orc warrior/+0 vampiric long sword (10)]
  4311 | D:6      | 4311 ||| DRINKING potion of heal wounds.
  4319 | D:6      | HP: 9/48 [orc warrior/+0 vampiric long sword (10)]
  4320 | D:6      | HP: 2/48 [orc warrior/+0 vampiric long sword (7)]
  4327 | D:6      | Noticed a wraith
  4329 | D:6      | HP: 2/48 [adder (2)]
  4330 | D:6      | Slain by an orc warrior

Levels and vault maps discovered:
D:1:      dpeg_arrival_water_fire, layout_basic, serial_shops, shop,
          amcnicky_mini_pool_small
D:2:      layout_rooms
D:3:      kennysheep_slugbush, layout_loops_ring, lemuel_round_altar,
          chequers_ecumenical_altar_simple, serial_shops, shop, uniq_ijyb
D:4:      layout_basic, serial_shops, nicolae_stop_n_shop_2, minmay_checkerbox
D:5:      layout_basic
D:6:      layout_basic, cheibrodos_ashenzari_chains,
          minmay_temple_entry_purple_smoke, minmay_chambers_of_fives

Skill      XL: |  1  2  3  4  5  6  7 |
---------------+----------------------+-----
Ranged Weapons | 5 6 7 8 |  8.1
Fighting       | 3 4 |  4.7
Armour         | 1 |  1.6
Dodging        | 2 |  2.1
Stealth        | |  1.1

Action                     |  1- 3 |  4- 6 |  7- 9 || total
---------------------------+-------+-------+-------++-------
   Fire: Shortbow          |    85 |   212 |       ||   297
         Sling             |       |     9 |   119 ||   128
    Use: Scroll            |     2 |     4 |     3 ||     9
         Potion            |     2 |     1 |     4 ||     7
 Armour: Leather armour    |    36 |    54 |       ||    90
         Ring mail         |       |       |    80 ||    80
  Dodge: Dodged            |    33 |    48 |    66 ||   147

Table legend:
 A = Non-vault XP
 B = Vault XP
 C = Vault XP percentage of total XP
 D = Non-vault monster count
 E = Vault monster count
 F = Vault count percentage of total count
                 A         B        C        D         E       F
            +---------+---------+-------+---------+---------+-------
      Total |     819 |     267 |  24.6 |      80 |      17 |  17.5
            +---------+---------+-------+---------+---------+-------
        D:1 |      30 |       0 |   0.0 |      18 |       0 |   0.0
        D:2 |      92 |       0 |   0.0 |      23 |       0 |   0.0
        D:3 |     217 |      72 |  24.9 |      17 |      10 |  37.0
        D:4 |     229 |      51 |  18.2 |      16 |       4 |  20.0
        D:5 |     141 |       0 |   0.0 |       3 |       0 |   0.0
        D:6 |     110 |     144 |  56.7 |       3 |       3 |  50.0
            +---------+---------+-------+---------+---------+-------
